 Dungeon Crawl Stone Soup version 0.30.1-9-gdf580d7c3d (webtiles) character file.

Game seed: 1432952055823085332

961 jagang the Covered (level 8, 0/62 HPs)
             Began as a Human Fighter on Sept 28, 2023.
             Was an Initiate of the Shining One.
             Succumbed to a kobold brigand's curare-tipped dart
             ... on level 5 of the Dungeon.
             The game lasted 00:22:11 (5203 turns).

jagang the Covered (Human Fighter)                  Turns: 5203, Time: 00:22:11

Health: 0/62       AC:  8    Str: 18    XL:     8   Next: 37%
Magic:  8/8        EV: 10    Int:  9    God:    the Shining One [......]
Gold:   233        SH:  6    Dex: 19    Spells: 7/7 levels left

rFire   + . .        a - +0 long sword
rCold   + . .        c - +0 buckler
rNeg    + . .        b - +0 scale mail
rPois   +            (no helmet)
rElec   +            d - +0 cloak
rCorr   +            (no gloves)
SInv    .            (no boots)
Will    .....        (no amulet) Stlth
                     m - ring of positive energy
HPRegen 0.30/turn    t - +6 ring of dexterity
MPRegen 0.11/turn

%: no passive effects
@: lethally poisoned (0 -> -7), resistant, slowed, glowing, very slow
A: no striking features
a: Renounce Religion


You were on level 5 of the Dungeon.
You worshipped the Shining One.
The Shining One was noncommittal.
You visited 1 branch of the dungeon, and saw 6 of its levels.

You collected 233 gold pieces.

Inventory:

Hand Weapons
 a - a +0 long sword (weapon)
Missiles
 q - 40 stones (quivered)
 B - 4 boomerangs
Armour
 b - a +0 scale mail (worn)
 c - a +0 buckler (worn)
 d - a +0 cloak (worn)
Jewellery
 m - a ring of positive energy (left hand)
 t - a +6 ring of dexterity (right hand)
 v - a +6 ring of intelligence
Wands
 z - a wand of quicksilver (6)
 E - a wand of flame (8)
Scrolls
 e - 2 scrolls of noise {unknown}
 f - a scroll of silence {unknown}
 g - a scroll of acquirement {unknown}
 i - a scroll of fear {unknown}
 l - a scroll of fog
 n - a scroll of enchant armour {unknown}
 p - a scroll of amnesia {unknown}
 r - 2 scrolls of teleportation
 s - a scroll of vulnerability {unknown}
 w - a scroll of magic mapping {unknown}
 x - a scroll of poison
 y - a scroll of summoning {unknown}
 A - a scroll of enchant weapon {unknown}
 C - a scroll of immolation {unknown}
Potions
 h - 2 potions of flight
 j - a potion of resistance
 k - a potion of berserk rage {unknown}
 o - 2 potions of degeneration {unknown}
 D - 2 potions of lignification {unknown}
 F - a potion of invisibility {unknown}
 G - a potion of mutation {unknown}
 H - a potion of magic


   Skills:
 * Level 5.1 Fighting
 * Level 4.4 Long Blades
 + Level 2.2 Throwing
 * Level 5.1 Armour
 + Level 2.3 Dodging
 * Level 5.0 Shields
 - Level 0.3 Invocations
 - Level 0.3 Evocations


You had 7 spell levels left.
You didn't know any spells.
Your spell library contained the following spells:

 Spells                   Type           Power      Damage    Failure   Level
 Apportation              Tloc           0%         N/A       83%         1
 Necrotise                Necr           0%         1d4       83%         1
 Summon Small Mammal      Summ           0%         N/A       83%         1
 Summon Guardian Golem    Hex/Summ       0%         N/A       99%         3
 Orb of Destruction       Conj           0%         9d5       100%        7
 Spellforged Servitor     Conj/Summ      0%         N/A       100%        7


Dungeon Overview and Level Annotations

Branches:
Dungeon (6/15)             Temple (0/1) D:6

Altars:
The Shining One

Shops:
D:1 (   D:3 (


Message History

You closely miss the kobold brigand.
The kobold brigand is severely wounded.
You feel sick.
You are no longer poisoned.
The kobold brigand closely misses you. You block the kobold's attack.
The kobold hits you with a +0 dagger.
The kobold brigand hits you but does no damage.
The kobold brigand attacks as you move away!
The kobold brigand barely misses you.
The kobold brigand looks more healthy.
A kobold comes into view.
It is wielding a +0 whip and quivering poisoned darts.
Okay, then.
The kobold brigand hits you but does no damage.
The kobold hits you but does no damage. The kobold attacks as you move away!
The kobold closely misses you.
The kobold brigand attacks as you move away!
The kobold brigand closely misses you.
You feel yourself speed up.
The kobold brigand throws a curare-tipped dart.
The curare-tipped dart hits you.
You are poisoned.
You have difficulty breathing.
You feel yourself slow down.
There is a stone staircase leading up here.
You feel very sick.
The kobold brigand throws a curare-tipped dart.
The curare-tipped dart hits you.
You are more poisoned.
You have difficulty breathing.
* * * LOW HITPOINT WARNING * * *
You feel as though you will be slow longer.
You climb upwards.
* * * LOW HITPOINT WARNING * * *
You feel extremely sick.
There is a stone staircase leading down here.
Okay, then.
It was a potion of resistance.
You feel protected.
* * * LOW HITPOINT WARNING * * *
You feel very sick.
It was a potion of magic.
Magic courses through your body.
You die...

......####.........#
.........#..<.....##
.....###..........#
###### ##.........#
#.........#
#.........# ###
#........## ##.##
#........# ##...#
########@####....#
##..##.....#
##....#.....#
##...#.......#
##...###......#
##### #...##
##....## ###...##
##รท.## ##..##
##......###..##
##..##
#........#...# ##..#


There were no monsters in sight!

Vanquished Creatures
  Sigmund (D:5)
  A wyvern (D:5)
  2 black bears
  3 scorpions
  3 hounds
  Crazy Yiuf (D:2)
  Natasha (D:2)
  4 gnolls (D:2)
  5 adders
  A white imp (D:5)
  An ufetubus (D:5)
  A dart slug (D:5)
  An orc (D:5)
  9 ball pythons
  5 endoplasms
  4 giant cockroaches
  10 goblins
  5 hobgoblins
  3 jackals (D:1)
  6 kobolds
  6 quokkas
  6 frilled lizards
  4 rats
83 creatures vanquished.

Notes
Turn   | Place    | Note
-------+----------+-------------------------------------------
     0 | D:1      | jagang the Human Fighter began the quest for the Orb.
     0 | D:1      | Reached XP level 1. HP: 18/18 MP: 1/1
    65 | D:1      | Found Qadghiuh's Antique Weapon Shoppe.
   107 | D:1      | Reached XP level 2. HP: 24/24 MP: 2/2
   118 | D:1      | Found a faded altar of an unknown god.
   518 | D:1      | Reached XP level 3. HP: 25/29 MP: 3/3
   944 | D:2      | Noticed Natasha
  1125 | D:2      | Reached XP level 4. HP: 22/35 MP: 4/4
  1417 | D:2      | Found a runed translucent door.
  1418 | D:2      | Noticed Crazy Yiuf
  1429 | D:2      | Killed Crazy Yiuf
  1430 | D:2      | Reached XP level 5. HP: 18/42 MP: 5/5
  2306 | D:3      | Found Enuz's Antique Weapon Boutique.
  2508 | D:3      | Found a glowing golden altar of the Shining One.
  2513 | D:3      | Became a worshipper of the Shining One
  2761 | D:2      | Killed Natasha
  2762 | D:2      | Reached skill level 1 in Dodging
  3287 | D:4      | Reached XP level 6. HP: 46/48 MP: 6/6
  3507 | D:4      | Reached skill level 1 in Throwing
  3757 | D:4      | Noticed a black bear
  3787 | D:5      | Entered Level 5 of the Dungeon
  4009 | D:5      | Noticed a black bear
  4071 | D:4      | Killed a black bear
  4072 | D:4      | Reached XP level 7. HP: 55/55 MP: 7/7
  4604 | D:5      | Noticed a wyvern
  4626 | D:5      | Killed a wyvern
  4841 | D:5      | Reached XP level 8. HP: 61/61 MP: 8/8
  4932 | D:5      | Noticed Sigmund
  4941 | D:5      | Killed Sigmund
  4942 | D:5      | Reached skill level 5 in Fighting
  4942 | D:5      | Reached skill level 5 in Armour
  4942 | D:5      | Reached skill level 5 in Shields
  5135 | D:6      | Found a staircase to the Ecumenical Temple.
  5202 | D:5      | HP: 3/62 [poisoned by a kobold brigand (curare-tipped
                  | dart)]
  5203 | D:5      | Succumbed to a kobold brigand's curare-tipped dart

Illustrated notes

Levels and vault maps discovered:
D:1:      lemuel_arrival_broad_hall, layout_loops_corners, serial_shops,
          nicolae_shop_hallway_plus, hellmonk_ecumenical_altar_arch_garden
D:2:      layout_basic, uniq_crazy_yiuf_cottage, uniq_natasha
D:3:      layout_basic, mainiacjoe_overflow_six_doors_small, serial_shops, shop,
          hex_medium, minmay_misc_feat_plants
D:4:      layout_basic, chequers_serial_rivers_micro_b, guppyfry_early_lair_pool
D:5:      layout_cave_pods, uniq_sigmund
D:6:      layout_rooms, temple_fountains, roderic_roman_lattice, nicolae_titane

Skill      XL: |  1  2  3  4  5  6  7  8 |
---------------+-------------------------+-----
Long Blades    | 3 4 |  4.4
Dodging        | 1 2 |  2.3
Armour         | 4 5 |  5.1
Fighting       | 4 5 |  5.1
Throwing       | 1 2 |  2.2
Shields        | 4 5 |  5.0
Invocations    | |  0.3
Evocations     | |  0.3

Action                     |  1- 3 |  4- 6 |  7- 9 || total
---------------------------+-------+-------+-------++-------
  Melee: Long sword        |    84 |   131 |    54 ||   269
  Throw: Stone             |       |     7 |       ||     7
         Dart              |       |     5 |     9 ||    14
         Boomerang         |       |    11 |     4 ||    15
  Evoke: Wand              |       |     5 |     2 ||     7
    Use: Potion            |     1 |     1 |     4 ||     6
         Scroll            |       |     4 |     1 ||     5
 Armour: Scale mail        |    30 |    74 |    21 ||   125
  Dodge: Dodged            |    49 |    75 |    27 ||   151
  Block: Buckler           |    19 |    49 |    25 ||    93
